 Dungeon Crawl Stone Soup version 0.31-a0-182-gc5ef74bbde (webtiles) character file.

Game seed: 2588735842077553490

25973 qw the Cleaver (level 13, -6/82 HPs)
             Began as a Gargoyle Fighter on June 21, 2023.
             Was a High Priest of Okawaru.
             Killed from afar by a wretched star (24 damage)
             ... with a lance of force
             ... on level 2 of the Abyss.
             The game lasted 00:06:32 (9480 turns).

qw the Cleaver (Gargoyle Fighter)                   Turns: 9480, Time: 00:06:32

Health: -6/82      AC: 34    Str: 24    XL:     13   Next: 23%
Magic:  18/19      EV: 15    Int: 10    God:    Okawaru [*****.]
Gold:   538        SH: 13    Dex: 13    Spells: 12/12 levels left

rFire   . . .        g - +0 war axe (vamp)
rCold   . . .        r - +0 kite shield
rNeg    + . .        m - +1 plate armour
rPois   inf          i - +2 helmet
rElec   +            p - +0 cloak
rCorr   +            j - +2 pair of gloves
SInv    .            q - +1 pair of boots {Fly}
Will    +....        e - amulet of Impatience {rElec Will+ Regen+ rCorr Dex+4} Stlth
                     v - +5 ring of evasion
HPRegen 1.13/turn    (no ring)
MPRegen 0.16/turn

%: no passive effects
@: heroic, flying, unable to read, unable to drink
A: sickness immunity, AC +9, negative energy resistance 1, electricity
resistance, torment resistance 1, petrification resistance, camouflage 1,
deterioration 1, [deformed body], [inability to drink after injury 2],
[inability to read after injury 2]
a: Renounce Religion, Heroism, Finesse, Duel


You were on level 2 of the Abyss.
You worshipped Okawaru.
Okawaru was extremely pleased with you.
You visited 2 branches of the dungeon, and saw 12 of its levels.
You visited the Abyss 1 time.

You collected 959 gold pieces.
You spent 421 gold pieces at shops.


Innate Abilities, Weirdness & Mutations

You are immune to sickness and miasma.
Your stone body is resilient. (AC +9)
You are immune to poison.
You resist negative energy. (rN+)
You are resistant to electric shocks. (rElec)
You are resistant to unholy torment.
You are immune to petrification.
Your skin changes colour to match your surroundings (Stealth+).
Your body sometimes deteriorates upon taking damage.
[Armour fits poorly on your strangely shaped body.]
[You sometimes lose the ability to drink potions when taking damage.]
[You sometimes lose the ability to read scrolls when taking damage.]


   Skills:
 - Level 10.0(15.0) Fighting
 + Level 12.4(17.4) Axes
 - Level 1.9(6.9) Throwing
 - Level 10.0(15.0) Armour
 - Level 2.2(7.2) Dodging
 - Level 10.8(15.8) Shields
 + Level 9.0 Invocations


You had 12 spell levels left.
You didn't know any spells.
Your spell library was empty.

Inventory:

Hand Weapons
 g - a +0 vampiric war axe (weapon)
 o - a +1 war axe of flaming
 Y - a +3 broad axe of freezing
Missiles
 n - 25 boomerangs (quivered)
Armour
 h - a +0 chain mail of fire resistance
 i - a +2 helmet (worn)
 j - a +2 pair of gloves (worn)
 m - a +1 plate armour (worn)
 p - a +0 cloak (worn)
 q - a +1 pair of boots of flying (worn)
 r - a +0 kite shield (worn)
Jewellery
 e - the amulet of Impatience (around neck) {rElec Will+ Regen+ rCorr Dex+4}
   (You found it on level 2 of the Dungeon)

   [amulet of regeneration]

   Dex:       It affects your dexterity (+4).
   rElec:     It insulates you from electricity.
   Regen:     It increases your rate of health regeneration.
   rCorr:     It protects you from acid and corrosion.
   Will:      It increases your willpower.
 v - a +5 ring of evasion (left hand)
Scrolls
 b - 3 scrolls of identify
 w - 2 scrolls of teleportation
Potions
 a - 3 potions of lignification
 c - a potion of curing
 d - 4 potions of might
 f - a potion of resistance
 k - a potion of mutation
 l - 2 potions of heal wounds
 s - a potion of enlightenment

Dungeon Overview and Level Annotations

Branches:
Dungeon (11/15)            Temple (1/1) D:7            Lair (0/5) D:11
    Orc: D:9-12

Altars:
Ashenzari
Cheibriados
Dithmenos
Elyvilon
Fedhas
Gozag
Hepliaklqana
Kikubaaqudgha
Makhleb
Nemelex Xobeh
Okawaru
Qazlal
Ru
Sif Muna
Trog
Uskayaw
Vehumet
Wu Jian
Xom
Yredelemnul
Zin
The Shining One

Shops:
D:5 (   D:10 [


Message History

A smoke demon comes into view.
You block the large abomination's attack.
The wretched star glows turbulently.
You block the lance of force. You block the ice devil's attack.
The smoke demon roars!
You hit the wretched star.
The wretched star is heavily damaged.
You slash the large abomination! You hit the ice devil but do no damage.
An ancient zyme comes into view.
The large abomination closely misses you.
The smoke demon gestures at you. Something smites you!
You feel threatened and lose the ability to read scrolls!
You barely miss the large abomination.
The large abomination is heavily damaged.
You slash the wretched star! You completely miss the ice devil.
A white imp comes into view.
The ice devil closely misses you. The large abomination hits you!!
You feel threatened and lose the ability to drink potions!
The white imp shouts!
You slash the wretched star!
The wretched star is severely damaged.
You hit the large abomination. You slash the ice devil!
You block the ice devil's attack.
You block the large abomination's attack.
You closely miss the wretched star.
The wretched star is severely damaged.
You hit the large abomination but do no damage.
You slash the ice devil! The smoke demon gestures at you. Something smites you!
The ice devil hits you but does no damage.
You slash the wretched star!
The wretched star is almost destroyed.
You hit the ice devil.
You hit the large abomination but do no damage.
The large abomination misses you.
The wretched star glows turbulently.
The lance of force hits you!!
You die...

.. .# .. #.#
####. ..# # ..#.
..# . #.
#...###x...#
#..#.....5#.3# .#
#...#.X....# ##.#
#._4@*...# .
####.##....# # ..
. ...## ..... . #
..?.##.### #.
.### % #.#.#.#
#.. .. .# ## .#
%# #. .# . #
..........#..# #
#..# ..% ) .
........#....##..


You could see a wretched star, an ancient zyme, a large abomination, an ice
devil, a smoke demon and a white imp.

Vanquished Creatures
  Erolcha (D:10)
  A thrashing horror (Abyss:2)
  A wretched star (Abyss:2)
  3 sixfirhies (Abyss:2)
  5 wizards (D:11)
  Pikel (D:3)
  A deep elf pyromancer (D:10)
  A cyclops (D:11)
  5 starcursed masses (Abyss:2)
  3 large abominations (Abyss:2)
  A manticore (D:11)
  An apocalypse crab (Abyss:2)
  A gargoyle (D:8)
  Maggie (D:5)
  An efreet (Abyss:2)
  4 ancient zymes (Abyss:2)
  A troll (D:11)
  A hornet (D:9)
  9 raiju (Abyss:2)
  An air elemental (Abyss:2)
  2 wraiths (D:10)
  20 yaks
  3 flying skulls (Abyss:2)
  4 wyverns
  3 vampire mosquitoes (D:8)
  2 basilisks (D:11)
  3 steam dragons
  3 neqoxecs (Abyss:2)
  2 water moccasins
  An acid dragon (D:9)
  3 orc warriors
  3 ice beasts (D:7)
  2 black bears
  11 centaurs
  3 lemures (D:3)
  6 phantoms
  3 kobold brigands (D:6)
  6 bullfrogs
  4 gnoll sergeants
  4 small abominations (Abyss:2)
  7 scorpions
  A water moccasin zombie (D:6)
  19 wights
  3 killer bees (D:7)
  An electric eel (D:10)
  2 bullfrog zombies (D:6)
  A centaur zombie (D:6)
  A quasit (Abyss:2)
  5 gnoll boudas
  10 hounds
  A jelly (D:6)
  9 orc priests
  4 iguanas
  2 sleepcaps (D:6)
  9 orc wizards
  A killer bee zombie (D:6)
  11 adders
  42 gnolls
  2 shadow imps
  5 white imps
  An ufetubus (Abyss:2)
  A dart slug (D:1)
  28 orcs
  7 ball pythons
  7 bats
  4 endoplasms
  2 giant cockroaches
  4 goblins
  3 hobgoblins
  8 jackals
  5 quokkas
  4 frilled lizards
  10 kobolds
  2 rats (D:1)
353 creatures vanquished.

Vanquished Creatures (others)
  A gnoll (D:10)
1 creature vanquished.

Grand Total: 354 creatures vanquished

Notes
Turn   | Place    | Note
-------+----------+-------------------------------------------
     0 | D:1      | qw the Gargoyle Fighter began the quest for the Orb.
     0 | D:1      | Reached XP level 1. HP: 14/14 MP: 1/1
     0 | D:1      | 0 ||| qw: Version: 0.3-a-9-g12657ce
     0 | D:1      | 0 ||| qw: Game counter: 1580
     0 | D:1      | 0 ||| qw: Always use a shield: true
     0 | D:1      | 0 ||| qw: God list: Okawaru
     0 | D:1      | 0 ||| qw: Allow faded altars: false
     0 | D:1      | 0 ||| qw: Do Orc after D:15 true
     0 | D:1      | 0 ||| qw: Do second Lair branch before Depths: true
     0 | D:1      | 0 ||| qw: Lair rune preference: random
     0 | D:1      | 0 ||| qw: Plans: Normal, Zot:1-4, Slime:5, God:TSO, Crypt,
                  | Tomb, Abyss, Pan, Hells, Win
     0 | D:1      | 0 ||| PLANNING D:1-11
    46 | D:1      | Reached skill level 2 in Axes
   163 | D:1      | Reached XP level 2. HP: 18/19 MP: 2/2
   500 | D:1      | 500 ||| Stepping ~*~*~tactically~*~*~ (hiding).
   617 | D:1      | 617 ||| Stepping ~*~*~tactically~*~*~ (stealth).
   619 | D:1      | 619 ||| Stepping ~*~*~tactically~*~*~ (stealth).
   838 | D:1      | 838 ||| READING 2 scrolls labelled VUTAXO ECYG.
   839 | D:1      | 839 ||| DROPPING scroll of poison.
   903 | D:2      | Identified the amulet of Impatience {rElec Will+ Regen+
                  | rCorr Dex+4}
   921 | D:2      | Reached skill level 3 in Axes
   967 | D:2      | Reached XP level 3. HP: 23/23 MP: 3/3
  1252 | D:2      | 1252 ||| Stepping ~*~*~tactically~*~*~ (stealth).
  1253 | D:2      | 1253 ||| Stepping ~*~*~tactically~*~*~ (stealth).
  1449 | D:2      | 1449 ||| UPGRADING to +0 plate armour.
  1459 | D:2      | 1459 ||| DROPPING +0 scale mail.
  1460 | D:2      | 1460 ||| UPGRADING to amulet of Impatience {rElec Will+
                  | Regen+ rCorr Dex+4}.
  1465 | D:2      | 1465 ||| READING scroll labelled KIOBYE ZAENE.
  1466 | D:2      | 1466 ||| READING scroll labelled XATOHOEQISCH.
  1467 | D:2      | 1467 ||| READING scroll labelled LERORA ANTI.
  1468 | D:2      | 1468 ||| DRINKING 2 ruby potions.
  1469 | D:2      | 1469 ||| DRINKING 2 golden potions.
  1470 | D:2      | 1470 ||| DROPPING potion of brilliance.
  1581 | D:3      | 1581 ||| Stepping ~*~*~tactically~*~*~ (stealth).
  1599 | D:3      | You fall into a shaft and drop 3 floors!
  1608 | D:6      | Noticed a centaur
  1609 | D:6      | Noticed an orc warrior
  1610 | D:6      | 1610 ||| STAIRDANCE
  1610 | D:6      | Noticed a bullfrog
  1611 | D:5      | Entered Level 5 of the Dungeon
  1615 | D:5      | Killed a centaur
  1616 | D:5      | Reached skill level 4 in Axes
  1616 | D:5      | Reached XP level 4. HP: 28/28 MP: 4/4
  1616 | D:5      | Reached XP level 5. HP: 32/32 MP: 5/5
  1669 | D:5      | Found Erheumaics's Weapon Shop.
  1674 | D:5      | 1674 ||| STAIRDANCE
  1680 | D:4      | Noticed a lemure
  1681 | D:4      | 1681 ||| FLEEEEING.
  1681 | D:4      | Noticed a lemure
  1682 | D:4      | 1682 ||| FLEEEEING.
  1683 | D:4      | 1683 ||| FLEEEEING.
  1684 | D:4      | 1684 ||| FLEEEEING.
  1685 | D:4      | 1685 ||| STAIRDANCE
  1701 | D:3      | Found an ornate altar of the Wu Jian Council.
  1702 | D:3      | 1702 ||| Stepping ~*~*~tactically~*~*~ (stealth).
  1711 | D:3      | HP: 5/32 [gnoll/+0 club (5)]
  1712 | D:3      | Reached skill level 5 in Axes
  1712 | D:3      | 1712 ||| DRINKING potion of heal wounds.
  1720 | D:3      | 1720 ||| DROPPING +0 whip.
  1763 | D:3      | Reached skill level 1 in Dodging
  1995 | D:3      | Found a sparkling altar of Nemelex Xobeh.
  2272 | D:3      | 2272 ||| READING scroll labelled ATE HIGHOIZ.
  2272 | D:3      | Identified a scroll of acquirement
  2272 | D:3      | 2272 ||| ACQUIRING +3 buckler "Jiummus" {*Corrode rF+
                  | Stlth+}
  2272 | D:3      | Acquired the +3 buckler "Jiummus" {*Corrode rF+ Stlth+}
  2274 | D:3      | 2274 ||| UPGRADING to +3 buckler "Jiummus" {*Corrode rF+
                  | Stlth+}.
  2284 | D:3      | 2284 ||| DROPPING +0 buckler.
  2285 | D:3      | 2285 ||| READING scroll labelled YWNALLEKEGH.
  2286 | D:3      | 2286 ||| DROPPING +0 flail.
  2287 | D:3      | 2287 ||| READING scroll labelled EJIDEPONGOU.
  2288 | D:3      | 2288 ||| READING scroll labelled UNALUKHUAL.
  2289 | D:3      | 2289 ||| READING scroll labelled ISKIDY RIEVIGH.
  2301 | D:4      | Noticed Pikel
  2301 | D:4      | Noticed a lemure
  2302 | D:4      | Noticed a lemure
  2305 | D:4      | 2305 ||| STAIRDANCE
  2309 | D:3      | Killed a lemure
  2312 | D:3      | Killed a lemure
  2315 | D:3      | Killed a lemure
  2329 | D:4      | 2329 ||| STAIRDANCE
  2338 | D:3      | HP: 6/32 [Pikel/+2 whip of electrocution (8)]
  2343 | D:3      | Killed Pikel
  2344 | D:3      | Reached XP level 6. HP: 11/44 MP: 6/6
  2344 | D:3      | Reached XP level 7. HP: 12/48 MP: 7/7
  2603 | D:4      | 2603 ||| Stepping ~*~*~tactically~*~*~ (hiding).
  2829 | D:4      | 2829 ||| Stepping ~*~*~tactically~*~*~ (hiding).
  2830 | D:4      | 2830 ||| Stepping ~*~*~tactically~*~*~ (hiding).
  2831 | D:4      | 2831 ||| Stepping ~*~*~tactically~*~*~ (hiding).
  2833 | D:4      | 2833 ||| Stepping ~*~*~tactically~*~*~ (hiding).
  2846 | D:4      | Reached XP level 8. HP: 20/53 MP: 8/8
  2936 | D:4      | Reached skill level 6 in Axes
  3041 | D:4      | 3041 ||| READING 2 scrolls of identify.
  3041 | D:4      | 3041 ||| IDENTIFYING fizzy red potion
  3075 | D:5      | 3075 ||| Stepping ~*~*~tactically~*~*~ (stealth).
  3102 | D:5      | 3102 ||| Stepping ~*~*~tactically~*~*~ (hiding).
  3255 | D:5      | 3255 ||| READING scroll of enchant armour.
  3255 | D:5      | 3255 ||| ENCHANTING +0 plate armour.
  3392 | D:5      | 3392 ||| UPGRADING to +2 helmet.
  3397 | D:5      | 3397 ||| UPGRADING to +0 pair of gloves.
  3402 | D:5      | 3402 ||| READING scroll labelled TANWEO YLOYFUASTRI.
  3403 | D:5      | 3403 ||| DRINKING 2 yellow potions.
  3403 | D:5      | Gained mutation: Your body sometimes deteriorates upon
                  | taking damage. [potion of mutation]
  3403 | D:5      | Gained mutation: You are partially covered in large bone
                  | plates. (SH +4) [potion of mutation]
  3403 | D:5      | Gained mutation: [You occasionally lose the ability to read
                  | scrolls when taking damage.] [potion of mutation]
  3404 | D:5      | 3404 ||| DRINKING potion of mutation.
  3404 | D:5      | Lost mutation: You are partially covered in large bone
                  | plates. (SH +4) [potion of mutation]
  3404 | D:5      | Lost mutation: [You occasionally lose the ability to read
                  | scrolls when taking damage.] [potion of mutation]
  3404 | D:5      | Gained mutation: Your muscles are strong. (Str +4, Int/Dex
                  | -1) [potion of mutation]
  3404 | D:5      | Lost mutation: Your muscles are strong. (Str +4, Int/Dex
                  | -1) [potion of mutation]
  3404 | D:5      | Gained mutation: Your skin changes colour to match your
                  | surroundings (Stealth+). [potion of mutation]
  3416 | D:6      | Noticed Maggie
  3419 | D:6      | 3419 ||| STAIRDANCE
  3447 | D:6      | 3447 ||| STAIRDANCE
  3461 | D:5      | Killed Maggie
  3489 | D:5      | 3489 ||| SWAPPING to +2 broad axe of pain.
  3498 | D:6      | Reached skill level 7 in Axes
  3569 | D:6      | 3569 ||| Stepping ~*~*~tactically~*~*~ (stealth).
  3587 | D:6      | Reached XP level 9. HP: 56/57 MP: 9/9
  3592 | D:6      | Reached skill level 8 in Axes
  3596 | D:6      | 3596 ||| Stepping ~*~*~tactically~*~*~ (stealth).
  3599 | D:6      | 3599 ||| Stepping ~*~*~tactically~*~*~ (stealth).
  3641 | D:6      | Found an opulent altar of Gozag.
  3643 | D:6      | 3643 ||| Stepping ~*~*~tactically~*~*~ (stealth).
  3646 | D:6      | 3646 ||| Stepping ~*~*~tactically~*~*~ (stealth).
  3663 | D:6      | 3663 ||| Stepping ~*~*~tactically~*~*~ (stealth).
  3687 | D:6      | 3687 ||| Stepping ~*~*~tactically~*~*~ (hiding).
  3688 | D:6      | 3688 ||| Stepping ~*~*~tactically~*~*~ (hiding).
  3689 | D:6      | 3689 ||| Stepping ~*~*~tactically~*~*~ (hiding).
  3692 | D:6      | 3692 ||| Stepping ~*~*~tactically~*~*~ (hiding).
  3693 | D:6      | 3693 ||| Stepping ~*~*~tactically~*~*~ (hiding).
  3827 | D:6      | Found a snail-covered altar of Cheibriados.
  3827 | D:6      | Found a bloodstained altar of Trog.
  3828 | D:6      | Found a glowing silver altar of Zin.
  3829 | D:6      | 3829 ||| Stepping ~*~*~tactically~*~*~ (hiding).
  3985 | D:6      | 3985 ||| Stepping ~*~*~tactically~*~*~ (stealth).
  3987 | D:6      | 3987 ||| Stepping ~*~*~tactically~*~*~ (hiding).
  3996 | D:6      | Reached skill level 9 in Axes
  4004 | D:6      | Found a burning altar of Makhleb.
  4117 | D:6      | 4117 ||| Stepping ~*~*~tactically~*~*~ (stealth).
  4119 | D:6      | 4119 ||| Stepping ~*~*~tactically~*~*~ (stealth).
  4134 | D:6      | Reached skill level 6 in Armour
  4153 | D:6      | 4153 ||| Stepping ~*~*~tactically~*~*~ (hiding).
  4190 | D:6      | 4190 ||| Stepping ~*~*~tactically~*~*~ (hiding).
  4191 | D:6      | 4191 ||| Stepping ~*~*~tactically~*~*~ (hiding).
  4202 | D:6      | Reached skill level 1 in Throwing
  4441 | D:6      | Reached skill level 10 in Axes
  4443 | D:6      | Reached XP level 10. HP: 52/63 MP: 10/10
  4672 | D:6      | 4672 ||| DROPPING scarf of harm.
  4862 | D:7      | Found a faded altar of an unknown god.
  4943 | D:7      | Found a staircase to the Ecumenical Temple.
  4944 | D:7      | 4944 ||| PLANNING TEMPLE
  4944 | D:7      | 4944 ||| DROPPING orb of mayhem.
  4945 | D:7      | 4945 ||| DROPPING +2 helmet of intelligence.
  4946 | D:7      | 4946 ||| READING 2 scrolls of identify.
  4946 | D:7      | 4946 ||| IDENTIFYING bubbling black potion
  4955 | Temple   | Entered the Ecumenical Temple
  4970 | Temple   | 4970 ||| PLANNING OKAWARU WORSHIP
  5155 | Temple   | Became a worshipper of Warmaster Okawaru
  5156 | Temple   | 5156 ||| PLANNING D:1-11
  5261 | D:7      | 5261 ||| READING scroll of brand weapon.
  5261 | D:7      | 5261 ||| BRANDING +2 broad axe of pain.
  5679 | D:8      | 5679 ||| Stepping ~*~*~tactically~*~*~ (stealth).
  5689 | D:8      | 5689 ||| READING scroll of brand weapon.
  5689 | D:8      | 5689 ||| BRANDING +2 heavy broad axe.
  5756 | D:8      | 5756 ||| READING scroll of enchant armour.
  5756 | D:8      | 5756 ||| ENCHANTING +0 pair of gloves.
  5815 | D:8      | Found a shimmering blue altar of Sif Muna.
  5956 | D:8      | Noticed a gargoyle
  5957 | D:8      | 5957 ||| Stepping ~*~*~tactically~*~*~ (hiding).
  5968 | D:8      | Killed a gargoyle
  5968 | D:8      | Reached * piety under Okawaru
  5969 | D:8      | Reached skill level 11 in Axes
  6017 | D:8      | 6017 ||| Stepping ~*~*~tactically~*~*~ (stealth).
  6020 | D:8      | 6020 ||| Stepping ~*~*~tactically~*~*~ (hiding).
  6022 | D:8      | 6022 ||| Stepping ~*~*~tactically~*~*~ (hiding).
  6027 | D:8      | 6027 ||| INVOKING Heroism.
  6028 | D:8      | 6028 ||| INVOKING Heroism.
  6032 | D:8      | Reached skill level 1 in Invocations
  6038 | D:8      | 6038 ||| Stepping ~*~*~tactically~*~*~ (stealth).
  6039 | D:8      | 6039 ||| Stepping ~*~*~tactically~*~*~ (stealth).
  6040 | D:8      | 6040 ||| Stepping ~*~*~tactically~*~*~ (stealth).
  6059 | D:8      | 6059 ||| Stepping ~*~*~tactically~*~*~ (stealth).
  6475 | D:9      | 6475 ||| INVOKING Heroism.
  6486 | D:9      | Reached skill level 3 in Invocations
  6489 | D:9      | Reached skill level 9 in Fighting
  6489 | D:9      | Reached XP level 11. HP: 58/71 MP: 10/13
  6499 | D:9      | 6499 ||| INVOKING Heroism.
  6507 | D:9      | Reached ** piety under Okawaru
  6576 | D:9      | 6576 ||| Stepping ~*~*~tactically~*~*~ (hiding).
  6577 | D:9      | 6577 ||| Stepping ~*~*~tactically~*~*~ (hiding).
  6702 | D:9      | 6702 ||| Stepping ~*~*~tactically~*~*~ (hiding).
  6704 | D:9      | 6704 ||| Stepping ~*~*~tactically~*~*~ (hiding).
  6705 | D:9      | 6705 ||| Stepping ~*~*~tactically~*~*~ (hiding).
  6837 | D:9      | 6837 ||| Stepping ~*~*~tactically~*~*~ (hiding).
  6905 | D:9      | 6905 ||| Stepping ~*~*~tactically~*~*~ (stealth).
  6907 | D:9      | 6907 ||| Stepping ~*~*~tactically~*~*~ (stealth).
  6925 | D:9      | 6925 ||| READING scroll of enchant armour.
  6925 | D:9      | 6925 ||| ENCHANTING +1 pair of gloves.
  7060 | D:9      | 7060 ||| Stepping ~*~*~tactically~*~*~ (hiding).
  7063 | D:9      | 7063 ||| INVOKING Heroism.
  7219 | D:9      | 7219 ||| FLEEEEING.
  7220 | D:9      | 7220 ||| FLEEEEING.
  7221 | D:9      | 7221 ||| FLEEEEING.
  7222 | D:9      | 7222 ||| FLEEEEING.
  7223 | D:9      | 7223 ||| FLEEEEING.
  7227 | D:9      | 7227 ||| FLEEEEING.
  7228 | D:9      | 7228 ||| Stepping ~*~*~tactically~*~*~ (hiding).
  7229 | D:9      | 7229 ||| Stepping ~*~*~tactically~*~*~ (hiding).
  7230 | D:9      | 7230 ||| Stepping ~*~*~tactically~*~*~ (hiding).
  7348 | D:9      | 7348 ||| READING scroll labelled JIJOPHELUR.
  7352 | D:9      | 7352 ||| READING scroll labelled XIOTHO UBEA.
  7353 | D:9      | 7353 ||| READING 3 scrolls of identify.
  7353 | D:9      | 7353 ||| IDENTIFYING fizzy white potion
  7370 | D:10     | Entered Level 10 of the Dungeon
  7388 | D:10     | 7388 ||| INVOKING Heroism.
  7416 | D:10     | 7416 ||| Stepping ~*~*~tactically~*~*~ (hiding).
  7417 | D:10     | 7417 ||| Stepping ~*~*~tactically~*~*~ (hiding).
  7468 | D:10     | Noticed a deep elf pyromancer
  7469 | D:10     | 7469 ||| Stepping ~*~*~tactically~*~*~ (stealth).
  7480 | D:10     | Killed a deep elf pyromancer
  7481 | D:10     | Reached skill level 12 in Axes
  7513 | D:10     | Found Xelliull's Armour Emporium.
  7523 | D:10     | 7523 ||| BUYING +0 chain mail of fire resistance (149
                  | gold).
  7523 | D:10     | Bought a +0 chain mail of fire resistance for 149 gold
                  | pieces
  7523 | D:10     | 7523 ||| BUYING +0 cloak (58 gold).
  7523 | D:10     | Bought a +0 cloak for 58 gold pieces
  7523 | D:10     | 7523 ||| BUYING +1 pair of boots of flying (214 gold).
  7523 | D:10     | Bought a +1 pair of boots of flying for 214 gold pieces
  7528 | D:10     | Found a radiant altar of Vehumet.
  7541 | D:10     | Found a broken altar of Ashenzari.
  7557 | D:10     | 7557 ||| Stepping ~*~*~tactically~*~*~ (hiding).
  7558 | D:10     | 7558 ||| Stepping ~*~*~tactically~*~*~ (hiding).
  7561 | D:10     | 7561 ||| INVOKING Heroism.
  7589 | D:10     | 7589 ||| INVOKING Heroism.
  7670 | D:10     | 7670 ||| INVOKING Heroism.
  7698 | D:10     | 7698 ||| Stepping ~*~*~tactically~*~*~ (hiding).
  7711 | D:10     | Reached skill level 6 in Shields
  7717 | D:10     | 7717 ||| INVOKING Heroism.
  7863 | D:10     | Noticed Erolcha
  7864 | D:10     | 7864 ||| Stepping ~*~*~tactically~*~*~ (hiding).
  7866 | D:10     | 7866 ||| Stepping ~*~*~tactically~*~*~ (hiding).
  7868 | D:10     | 7868 ||| Stepping ~*~*~tactically~*~*~ (hiding).
  7871 | D:10     | 7871 ||| INVOKING Heroism.
  7877 | D:10     | Killed Erolcha
  7885 | D:10     | Reached skill level 9 in Armour
  7921 | D:10     | 7921 ||| Stepping ~*~*~tactically~*~*~ (stealth).
  7922 | D:10     | 7922 ||| Stepping ~*~*~tactically~*~*~ (stealth).
  7923 | D:10     | 7923 ||| Stepping ~*~*~tactically~*~*~ (stealth).
  7924 | D:10     | 7924 ||| Stepping ~*~*~tactically~*~*~ (stealth).
  7936 | D:10     | Found a basalt altar of Yredelemnul.
  7944 | D:10     | Found a glowing golden altar of the Shining One.
  7944 | D:10     | Found a hide-covered altar of Uskayaw.
  7946 | D:10     | Found an ornate altar of the Wu Jian Council.
  7946 | D:10     | Found a shimmering altar of Xom.
  7946 | D:10     | Found a white marble altar of Elyvilon.
  8002 | D:10     | 8002 ||| INVOKING Heroism.
  8022 | D:10     | 8022 ||| Stepping ~*~*~tactically~*~*~ (stealth).
  8025 | D:10     | 8025 ||| Stepping ~*~*~tactically~*~*~ (stealth).
  8026 | D:10     | 8026 ||| Stepping ~*~*~tactically~*~*~ (stealth).
  8027 | D:10     | 8027 ||| Stepping ~*~*~tactically~*~*~ (stealth).
  8064 | D:10     | 8064 ||| Stepping ~*~*~tactically~*~*~ (stealth).
  8079 | D:10     | Found Tiseh's Antique Weapon Shoppe.
  8115 | D:10     | 8115 ||| READING scroll of enchant weapon.
  8115 | D:10     | 8115 ||| ENCHANTING +2 broad axe of freezing.
  8283 | D:10     | 8283 ||| UPGRADING to +0 cloak.
  8288 | D:10     | 8288 ||| UPGRADING to +1 pair of boots of flying.
  8293 | D:10     | 8293 ||| UPGRADING to +0 kite shield.
  8303 | D:10     | 8303 ||| DROPPING +3 buckler "Jiummus" {*Corrode rF+
                  | Stlth+}.
  8304 | D:10     | 8304 ||| UPGRADING to +5 ring of evasion.
  8305 | D:10     | 8305 ||| READING scroll labelled TOETOATT XUIMI.
  8306 | D:10     | 8306 ||| READING scroll labelled TEOSER ODAIROD.
  8307 | D:10     | 8307 ||| DRINKING 2 fizzy inky potions.
  8338 | D:11     | 8338 ||| INVOKING Heroism.
  8352 | D:11     | 8352 ||| INVOKING Heroism.
  8427 | D:11     | 8427 ||| Stepping ~*~*~tactically~*~*~ (stealth).
  8436 | D:11     | Reached *** piety under Okawaru
  8437 | D:11     | Reached XP level 12. HP: 76/76 MP: 15/15
  8439 | D:11     | 8439 ||| Stepping ~*~*~tactically~*~*~ (stealth).
  8443 | D:11     | 8443 ||| Stepping ~*~*~tactically~*~*~ (hiding).
  8459 | D:11     | Reached skill level 9 in Shields
  8466 | D:11     | Found a staircase to the Lair.
  8469 | D:11     | 8469 ||| INVOKING Heroism.
  8601 | D:11     | Reached **** piety under Okawaru
  8692 | D:11     | Found the +3 warlock's mirror {omnireflect}
  8707 | D:11     | 8707 ||| Stepping ~*~*~tactically~*~*~ (hiding).
  8838 | Abyss:2  | Cast into level 2 of the Abyss (a wizard)
  8923 | Abyss:2  | 8923 ||| Stepping ~*~*~tactically~*~*~ (hiding).
  8944 | Abyss:2  | 8944 ||| Stepping ~*~*~tactically~*~*~ (stealth).
  8957 | Abyss:2  | Reached ***** piety under Okawaru
  8988 | Abyss:2  | Noticed a wretched star
  8989 | Abyss:2  | 8989 ||| Stepping ~*~*~tactically~*~*~ (stealth).
  8997 | Abyss:2  | 8997 ||| Stepping ~*~*~tactically~*~*~ (hiding).
  8998 | Abyss:2  | 8998 ||| Stepping ~*~*~tactically~*~*~ (hiding).
  9011 | Abyss:2  | Killed a wretched star
  9012 | Abyss:2  | Reached skill level 6 in Invocations
  9023 | Abyss:2  | 9023 ||| INVOKING Heroism.
  9026 | Abyss:2  | 9026 ||| Stepping ~*~*~tactically~*~*~ (hiding).
  9041 | Abyss:2  | 9041 ||| Stepping ~*~*~tactically~*~*~ (stealth).
  9055 | Abyss:2  | Noticed a starcursed mass
  9057 | Abyss:2  | 9057 ||| Stepping ~*~*~tactically~*~*~ (hiding).
  9070 | Abyss:2  | 9070 ||| INVOKING Heroism.
  9076 | Abyss:2  | Killed a starcursed mass
  9078 | Abyss:2  | Killed a starcursed mass
  9096 | Abyss:2  | 9096 ||| Stepping ~*~*~tactically~*~*~ (stealth).
  9097 | Abyss:2  | 9097 ||| Stepping ~*~*~tactically~*~*~ (stealth).
  9102 | Abyss:2  | Noticed a thrashing horror
  9120 | Abyss:2  | Killed a thrashing horror
  9139 | Abyss:2  | Received a gift from Okawaru
  9162 | Abyss:2  | Noticed a starcursed mass
  9167 | Abyss:2  | 9167 ||| INVOKING Heroism.
  9174 | Abyss:2  | Reached XP level 13. HP: 35/82 MP: 15/18
  9184 | Abyss:2  | HP: 19/82 [starcursed mass/accursed screaming (10)]
  9185 | Abyss:2  | 9185 ||| READING 3 scrolls of teleportation.
  9186 | Abyss:2  | 9186 ||| DRINKING 3 potions of heal wounds.
  9241 | Abyss:2  | 9241 ||| READING 2 scrolls labelled KEEGIC VOTOUDE.
  9256 | Abyss:2  | 9256 ||| DROPPING scroll of torment.
  9286 | Abyss:2  | 9286 ||| Stepping ~*~*~tactically~*~*~ (hiding).
  9288 | Abyss:2  | Paralysed by you for 2 turns
  9330 | Abyss:2  | 9330 ||| Stepping ~*~*~tactically~*~*~ (stealth).
  9331 | Abyss:2  | 9331 ||| Stepping ~*~*~tactically~*~*~ (stealth).
  9332 | Abyss:2  | 9332 ||| Stepping ~*~*~tactically~*~*~ (stealth).
  9333 | Abyss:2  | 9333 ||| Stepping ~*~*~tactically~*~*~ (stealth).
  9343 | Abyss:2  | Noticed a starcursed mass
  9344 | Abyss:2  | 9344 ||| Stepping ~*~*~tactically~*~*~ (stealth).
  9378 | Abyss:2  | 9378 ||| Stepping ~*~*~tactically~*~*~ (stealth).
  9379 | Abyss:2  | 9379 ||| Stepping ~*~*~tactically~*~*~ (stealth).
  9383 | Abyss:2  | 9383 ||| Stepping ~*~*~tactically~*~*~ (hiding).
  9388 | Abyss:2  | 9388 ||| INVOKING Heroism.
  9394 | Abyss:2  | Paralysed by an air elemental for 1 turns
  9415 | Abyss:2  | 9415 ||| Stepping ~*~*~tactically~*~*~ (stealth).
  9441 | Abyss:2  | Received a gift from Okawaru
  9451 | Abyss:2  | Reached skill level 9 in Invocations
  9455 | Abyss:2  | 9455 ||| SWAPPING to +0 vampiric war axe.
  9461 | Abyss:2  | Found a corrupted altar of Lugonu.
  9462 | Abyss:2  | 9462 ||| Stepping ~*~*~tactically~*~*~ (stealth).
  9470 | Abyss:2  | 9470 ||| INVOKING Heroism.
  9479 | Abyss:2  | HP: 17/82 [smoke demon/divine providence (16)]
  9480 | Abyss:2  | Killed from afar by a wretched star

Levels and vault maps discovered:
D:1:      psy_arrival_radial01, layout_basic
D:2:      layout_loops_ring, amcnicky_mini_rare_corridor_liquid
D:3:      layout_loops_ring, nemelex_xobeh_ov_fountains_minmay,
          nicolae_wu_jian_wuxing_cycle, chequers_hall_statues_y
D:4:      layout_basic, item_on_display_a, uniq_pikel
D:5:      layout_rooms, serial_shops, shop
D:6:      minmay_polygon_palace, layout_basic, mainiacjoe_overflow_boulevard,
          nicolae_overflow_crystal_walls, gammafunk_temple_overflow_claw,
          serial_undead, serial_undead_f, serial_undead_d, serial_undead_a,
          serial_undead_d, uniq_maggie
D:7:      layout_cave_pools, lemuel_temple_firewalk_b, serial_column_ruins,
          column_ruins_temple_hall, column_ruins_grid_3, column_ruins_open_tiny,
          column_ruins_open_small, column_ruins_grid_1, column_ruins_open_tiny,
          dk_noncrumbling_3
D:8:      layout_basic, mainiacjoe_overflow_six_doors_small,
          kennysheep_generic_room_10
D:9:      layout_basic
D:10:     layout_cave_pools, nicolae_overflow_hidden_temple,
          doesnt_xom_only_xom, mainiacjoe_overflow_cross_hatched,
          serial_gnoll_camp, gnoll_camp_mini_loothouse, gnoll_camp_medium_02,
          gnoll_camp_mini_hut, gnoll_camp_huts_moat, gnoll_camp_mini_shop,
          gnoll_camp_mini_shop, serial_bayou_pond_d, uniq_erolcha
D:11:     minmay_smoke_and_mirrors, layout_irregular_city,
          minmay_lair_entry_grove, serial_shops, nicolae_shop_industrial_runoff
Temple:   grunt_temple_mini_profane
Abyss:2:  base: D:2, spicy_abyss_rude_harpoons

Skill      XL: |  1  2  3  4  5  6  7  8  9 10 11 12 13 |
---------------+----------------------------------------+-----
Axes           | 2 3 4 5 7 10 11 12 | 12.4
Dodging        | 1 2 |  2.2
Fighting       | 7 9 10 | 10.0
Armour         | 5 6 7 9 10 | 10.0
Shields        | 4 5 8 10 | 10.8
Throwing       | 1 |  1.9
Invocations    | 3 4 7 9 |  9.0

Action                     |  1- 3 |  4- 6 |  7- 9 | 10-12 | 13-15 || total
---------------------------+-------+-------+-------+-------+-------++-------
  Melee: War axe           |    92 |    77 |    92 |       |    15 ||   276
         Broad axe         |       |       |   167 |   567 |    84 ||   818
  Throw: Boomerang         |       |       |    11 |    83 |     8 ||   102
 Invoke: Heroism           |       |       |       |    17 |     2 ||    19
    Use: Scroll            |     4 |     5 |     3 |    11 |     2 ||    25
         Potion            |     2 |     1 |     2 |     1 |     1 ||     7
 Armour: Scale mail        |    40 |       |       |       |       ||    40
         Plate armour      |    19 |    82 |   210 |   350 |    52 ||   713
  Dodge: Dodged            |    42 |    29 |    78 |   230 |    39 ||   418
  Block: Buckler           |    16 |    25 |   104 |   168 |       ||   313
         Kite shield       |       |       |       |   131 |    54 ||   185

Table legend:
 A = Non-vault XP
 B = Vault XP
 C = Vault XP percentage of total XP
 D = Non-vault monster count
 E = Vault monster count
 F = Vault count percentage of total count
                 A         B        C        D         E       F
            +---------+---------+-------+---------+---------+-------
      Total |   27230 |    9875 |  26.6 |     259 |      91 |  26.0
            +---------+---------+-------+---------+---------+-------
        D:1 |      26 |       0 |   0.0 |      15 |       0 |   0.0
        D:2 |      22 |       0 |   0.0 |      12 |       0 |   0.0
        D:3 |     121 |     663 |  84.6 |      21 |       1 |   4.5
        D:4 |     407 |       0 |   0.0 |      15 |       0 |   0.0
        D:5 |     329 |     359 |  52.2 |      17 |       1 |   5.6
        D:6 |    1314 |    1705 |  56.5 |      30 |      26 |  46.4
        D:7 |    1580 |       0 |   0.0 |      19 |       0 |   0.0
        D:8 |    2146 |       0 |   0.0 |      22 |       0 |   0.0
        D:9 |    3744 |       0 |   0.0 |      36 |       0 |   0.0
       D:10 |    1462 |    1896 |  56.5 |      10 |      47 |  82.5
       D:11 |    3335 |    5252 |  61.2 |      19 |      16 |  45.7
    Abyss:2 |   12744 |       0 |   0.0 |      43 |       0 |   0.0
            +---------+---------+-------+---------+---------+-------
